 Dungeon Crawl Stone Soup version 0.29.1-debian-1-gc3f1650bb9 (webtiles) character file.

Game seed: 9122510034507471657

45465 Newt the Skirmisher (level 14, -3/121 HPs)
             Began as a Demonspawn Gladiator on Sept 12, 2022.
             Was a High Priest of Qazlal.
             Slain by a dire elephant (26 damage)
             ... on level 5 of the Lair of Beasts.
             The game lasted 00:25:12 (15512 turns).

Newt the Skirmisher (Demonspawn Gladiator)         Turns: 15512, Time: 00:25:13

Health: -3/121     AC: 15    Str: 14    XL:     14   Next: 1%
Magic:  21/21      EV: 20    Int: 23    God:    Qazlal [*****.]
Gold:   1188       SH:  7    Dex: 24    Spells: 13/13 levels left

rFire   . . .      SeeInvis +   h - +10 triple crossbow of Meager Reinforcement {penet, Int+5}
rCold   . . .      Faith    .   (shield currently unavailable)
rNeg    + . .      Spirit   .   s - +1 leather armour "Moonkouh" {+Inv Int+2 Dex+4}
rPois   +          Reflect  .   i - +3 crown of Dyrovepreva {rElec Int+2 SInv}
rElec   +          Harm     .   (no cloak)
rCorr   .          Rampage  .   (gloves unavailable)
Will    ++...                   X - +0 pair of boots
Stlth   +.........              (no amulet)
HPRegen 0.30/turn               a - ring "Opidgh" {rElec rPois rN+ Will+ Int+4}
MPRegen 0.34/turn               j - +4 ring of protection

@: protected from physical damage, studying Long Blades, repel missiles
A: robust 1, spiny 1, magic regeneration, sturdy frame 2, demonic touch 3,
evolution 1
a: Renounce Religion, Evoke Invisibility, Upheaval, Elemental Force, Disaster
Area


You were on level 5 of the Lair of Beasts.
You worshipped Qazlal.
Qazlal was extremely pleased with you.
You visited 2 branches of the dungeon, and saw 13 of its levels.
You also visited: Ossuary and Ice Cave.

You collected 1188 gold pieces.

Inventory:

Hand Weapons
 c - a +3 longbow of flaming
 h - the +10 triple crossbow of Meager Reinforcement (weapon) {penet, Int+5}
   (You acquired it on level 3 of the Dungeon)

   Any ammunition fired by it passes through the targets it hits, potentially
   hitting all targets in its path until it reaches maximum range.
   Int:       It affects your intelligence (+5).
Missiles
 d - 5 throwing nets
 t - 6 silver javelins
 M - 5 javelins
 Q - 6 silver boomerangs
Armour
 i - the +3 crown of Dyrovepreva (worn) {rElec Int+2 SInv}
   (You found it on level 4 of the Lair of Beasts)

   Int:       It affects your intelligence (+2).
   rElec:     It insulates you from electricity.
   SInv:      It lets you see invisible.
 p - a +1 helmet
 r - a +0 scale mail of cold resistance
 s - the +1 leather armour "Moonkouh" (worn) {+Inv Int+2 Dex+4}
   (You found it on level 3 of the Dungeon)

   Int:       It affects your intelligence (+2).
   Dex:       It affects your dexterity (+4).
   +Inv:      It lets you turn invisible.
 X - a +0 pair of boots (worn)
Jewellery
 a - the ring "Opidgh" (left hand) {rElec rPois rN+ Will+ Int+4}
   (You found it on level 4 of the Lair of Beasts)

   [ring of poison resistance]

   Int:       It affects your intelligence (+4).
   rElec:     It insulates you from electricity.
   rPois:     It protects you from poison.
   rN:        It protects you from negative energy.
   Will:      It increases your willpower.
 j - a +4 ring of protection (right hand)
 k - a ring of see invisible
 q - a ring of protection from cold
 w - a +6 ring of dexterity
 y - the ring of Miracles {Ice Str+5}
   (You found it in an ice cave)

   [ring of ice]

   It enhances your ice magic.
   Str:       It affects your strength (+5).
   rF:        It makes you vulnerable to fire.
   rC:        It protects you from cold.
 D - a +6 ring of intelligence
 N - a ring of protection from fire
 Y - a ring of resist corrosion
Wands
 n - a wand of mindburst (9)
 C - a wand of polymorph (14)
 G - a wand of flame (31)
 I - a wand of charming (8)
 S - a wand of light (4)
Scrolls
 f - 5 scrolls of teleportation
 o - 4 scrolls of enchant armour
 u - 6 scrolls of fog
 A - 4 scrolls of enchant weapon
 B - 2 scrolls of immolation
 E - 2 scrolls of magic mapping
 O - 2 scrolls of fear
 T - a scroll of blinking
 V - a scroll of poison
 W - a scroll of brand weapon
Potions
 b - 4 potions of curing
 g - 2 potions of haste
 m - 2 potions of brilliance
 v - 2 potions of magic
 x - 5 potions of might
 z - 3 potions of berserk rage
 F - 2 potions of lignification
 H - a potion of flight
 L - 2 potions of degeneration
 P - 2 potions of mutation
 R - a potion of cancellation {unknown}
 U - a potion of ambrosia
 Z - a potion of heal wounds
Miscellaneous
 l - a piece from Xom's chessboard (15/15)
 J - a condenser vane
 K - a phial of floods


   Skills:
 - Level 10.0 Fighting
 - Level 2.6 Short Blades
 - Level 14.0 Ranged Weapons
 - Level 1.7 Throwing
 - Level 5.0 Armour
 + Level 9.9 Dodging
 - Level 4.0 Stealth
 - Level 10.0 Invocations
 - Level 9.0 Evocations


You had 13 spell levels left.
You didn't know any spells.
Your spell library contained the following spells:

 Spells                   Type           Power      Damage    Failure   Level
 Apportation              Tloc           0%         N/A       16%         1
 Scorch                   Fire           0%         2d5       24%         2
 Ignite Poison            Fire/Tmut/Pois 0%         N/A       43%         3
 Flame Wave               Conj/Fire      0%         2d4       83%         4
 Sticky Flame             Conj/Fire      0%         2d3       83%         4
 Alistair's Intoxication  Tmut/Pois      0%         N/A       99%         5
 Summon Cactus Giant      Summ           0%         N/A       100%        6


Dungeon Overview and Level Annotations

Branches:
Dungeon (8/15)             Temple (0/1) D:6            Lair (5/5) D:8
 Shoals (0/4) Lair:2        Snake (0/4) Lair:2        Slime (0/5) Lair:4
Ossuary (visited)           IceCv (visited)

Altars:
Ashenzari
Cheibriados
Fedhas
Kikubaaqudgha
Makhleb
Okawaru
Qazlal
Ru
Wu Jian
Xom
Yredelemnul
Jiyva

Shops:
D:8 *


Innate Abilities, Weirdness & Mutations

You are robust. (+10% HP)
You are partially covered in sharp spines.
You regenerate magic rapidly.
Your movements are less encumbered by armour. (ER -4)
Your touch may irresistibly damage your foes and sap their willpower.
You have hidden genetic potential.


Message History

* * * LOW HITPOINT WARNING * * *
You hold your ground!
The dire elephant barely misses you.
The dire elephant is struck by your spines.
The dire elephant completely misses you.
The dire elephant trunk-slaps you!
* * * LOW HITPOINT WARNING * * *
Read: 3 scrolls of fear
Press: ? - help, Q - select action, (/) - cycle Dir - look around, f - activate Look: a dire elephant (lightly wounded, chance to affect: 47%)
As you read the scroll of fear, it crumbles to dust.
You assume a fearsome visage.
The dire elephant looks frightened!
The spectral anaconda is unaffected.
The dire elephant looks frightened!
Unknown command.
Fire: h) +10 triple crossbow of Meager Reinforcement {penet, Int+5}
Press: ? - help, Shift-Dir - straight line, f/p - dire elephant
Aim: a dire elephant (lightly wounded, fleeing, 93% to hit)
You shoot a bolt.
The bolt pierces through the spectral anaconda!!
The spectral anaconda is moderately damaged.
The bolt pierces through the dire elephant!
Your attack snaps the dire elephant out of its fear.
The dire elephant is lightly wounded.
The spectral anaconda is struck by your spines.
The spectral anaconda bites you but does no damage.
The spectral anaconda completely misses you.
Cornered, the dire elephant turns to fight!
Fire: h) +10 triple crossbow of Meager Reinforcement {penet, Int+5}
Press: ? - help, Shift-Dir - straight line, f/p - dire elephant
Aim: a dire elephant (lightly wounded, 93% to hit)
You shoot a bolt.
The bolt pierces through the spectral anaconda!!!
You destroy the spectral anaconda!
Qazlal accepts your kill.
The bolt pierces through the dire elephant but does no damage.
The dire elephant is lightly wounded.
The dire elephant is struck by your spines.
The dire elephant tramples you but does no damage.
You block the dire elephant's attack. The dire elephant tramples you!!
You die...

####'''########♣P......♣♣#####♣..
..............###....♣## ##.
###8P⌠.8#####...###♣♣# ##
##8P8###. ###.#### # ######.~~
#....#### # #8.Yp8#≈≈≈≈
####...P#+# #
#?$...'≈≈≈~.#8†####.#.# #
#)/...'~≈~..'YY°..#..P#
#8...8##~~.##8@...#..8# ##
####°'#''### #..#...P#...
#......^...P♣ ###.....PPP♣♣
###...#.♣♣ #######


You could see 2 dire elephants.

Vanquished Creatures
  3 dire elephants (Lair:5)
  Nessos (Lair:4)
  3 hydras
  Erica (D:8)
  A boulder beetle (Lair:4)
  6 death yaks
  2 two-headed ogres
  Urug (Lair:5)
  The ghost of RandomusNamus the Grappler, a novice TrCA of Ignis (D:8)
  A spectral death yak (Lair:5)
  A spectral anaconda (Lair:5)
  The ghost of IdlyInterested the Shield-Bearer, a novice FoFi (D:6)
  An ugly thing (IceCv)
  An elephant (Lair:5)
  A manticore (Lair:2)
  5 oklob plants
  8 black mambas
  4 ice statues
  Psyche (D:8)
  9 cane toads
  An anaconda simulacrum (IceCv)
  9 komodo dragons
  4 rime drakes
  2 freezing wraiths
  4 polar bears
  17 blink frogs
  A wind drake (Lair:2)
  5 dream sheep (Lair:3)
  A vampire (D:5)
  3 wyverns
  31 yaks
  2 dire elephant simulacra (IceCv)
  Eustachio (D:4)
  5 basilisks
  A harpy simulacrum (IceCv)
  3 death yak simulacra
  3 nagas (Lair:2)
  A hydra simulacrum (IceCv)
  14 water moccasins
  2 black bears
  9 ice beasts
  An orc warrior (D:8)
  2 sky beasts
  An elephant zombie (Lair:5)
  4 wolves (Lair:2)
  An ogre (D:5)
  A phantom (D:5)
  2 centaurs
  3 elf zombies (Ossuary)
  A kobold brigand (D:7)
  17 bullfrogs
  2 gnoll sergeants
  4 scorpions (D:5)
  3 necrophages (D:7)
  A cane toad simulacrum (Lair:5)
  2 elephant simulacra
  A killer bee (D:8)
  3 electric eels (Lair:2)
  13 jellies
  3 centaur zombies (Ossuary)
  3 human zombies (Ossuary)
  4 hounds
  2 orc priests
  2 gnoll boudas
  2 iguanas
  7 orc wizards
  2 polar bear simulacra (IceCv)
  A wolf simulacrum (IceCv)
  2 mummies (Ossuary)
  21 gnolls
  11 adders
  8 white imps
  2 ufetubi
  An adder zombie (Ossuary)
  5 dart slugs
  25 orcs
  12 endoplasms
  3 giant cockroaches
  6 goblins
  4 hobgoblins
  3 quokkas
  9 ball pythons
  5 bats
  5 frilled lizards
  A goblin zombie (Ossuary)
  11 hobgoblin zombies (Ossuary)
  A jackal zombie (Ossuary)
  4 kobolds
  9 kobold zombies (Ossuary)
  5 orc zombies (Ossuary)
  11 rats
  A butterfly (D:5)
424 creatures vanquished.

Vanquished Creatures (others)
  17 fungi
  36 plants
  13 withered plants
66 creatures vanquished.

Grand Total: 490 creatures vanquished

Notes
Turn   | Place    | Note
-------+----------+-------------------------------------------
     0 | D:1      | Newt the Demonspawn Gladiator began the quest for the Orb.
     0 | D:1      | Reached XP level 1. HP: 16/16 MP: 1/1
    30 | D:1      | Reached skill level 1 in Stealth
   254 | D:1      | Found a faded altar of an unknown god.
   274 | D:1      | Gained mutation: Your movements are slightly less
                  | encumbered by armour. (ER -2) [demonic ancestry]
   274 | D:1      | Reached XP level 2. HP: 22/22 MP: 2/2
   796 | D:2      | Gained mutation: Your touch may inflict minor irresistible
                  | damage on your foes. [demonic ancestry]
   796 | D:2      | Reached XP level 3. HP: 28/28 MP: 3/3
   920 | D:2      | Identified the +0 robe of the Constellations {rC+ Str+3
                  | Int+3}
  1789 | D:3      | Identified a scroll of acquirement
  1790 | D:3      | Acquired the +10 triple crossbow of Meager Reinforcement
                  | {penet, Int+5}
  1799 | D:3      | Reached XP level 4. HP: 37/37 MP: 4/4
  1945 | D:3      | Identified the +1 leather armour "Moonkouh" {+Inv Int+2
                  | Dex+4}
  2036 | D:3      | You fall into a shaft and drop 1 floor!
  2041 | D:4      | Found a basalt altar of Yredelemnul.
  2044 | D:4      | Reached skill level 1 in Ranged Weapons
  2111 | D:4      | Noticed Eustachio
  2119 | D:4      | Killed Eustachio
  2120 | D:4      | Reached skill level 3 in Ranged Weapons
  2120 | D:4      | Reached XP level 5. HP: 22/42 MP: 5/5
  2120 | D:4      | Gained mutation: You are partially covered in sharp spines.
                  | [demonic ancestry]
  2120 | D:4      | Reached XP level 6. HP: 25/48 MP: 6/6
  2261 | D:4      | Reached skill level 4 in Ranged Weapons
  2319 | D:4      | Found a sand-covered staircase.
  2328 | Ossuary  | Entered an ossuary
  2440 | Ossuary  | Reached skill level 5 in Ranged Weapons
  2443 | Ossuary  | Gained mutation: Your touch may inflict irresistible damage
                  | on your foes. [demonic ancestry]
  2443 | Ossuary  | Reached XP level 7. HP: 49/54 MP: 7/7
  2499 | Ossuary  | Reached skill level 6 in Ranged Weapons
  2633 | D:4      | Found a broken altar of Ashenzari.
  2841 | D:4      | Found an ornate altar of the Wu Jian Council.
  3141 | D:5      | Entered Level 5 of the Dungeon
  3154 | D:5      | Found a shimmering altar of Xom.
  3210 | D:5      | Noticed a vampire
  3230 | D:5      | Killed a vampire
  3231 | D:5      | Reached skill level 7 in Ranged Weapons
  3231 | D:5      | Reached XP level 8. HP: 60/60 MP: 8/8
  3345 | D:5      | Reached skill level 8 in Ranged Weapons
  3595 | D:5      | Found a blossoming altar of Fedhas.
  3605 | D:5      | Reached skill level 9 in Ranged Weapons
  3610 | D:5      | Found a burning altar of Makhleb.
  3613 | D:5      | Found a snail-covered altar of Cheibriados.
  3614 | D:5      | Found an ancient bone altar of Kikubaaqudgha.
  3615 | D:5      | Found a stormy altar of Qazlal.
  3619 | D:5      | Became a worshipper of Qazlal Stormbringer
  3760 | D:5      | Noticed a two-headed ogre
  3791 | D:5      | Reached skill level 5 in Dodging
  3791 | D:5      | Reached XP level 9. HP: 65/65 MP: 9/9
  3802 | D:5      | Killed a two-headed ogre
  4148 | D:6      | Reached * piety under Qazlal
  4421 | D:6      | Found a staircase to the Ecumenical Temple.
  4438 | D:6      | Reached skill level 5 in Evocations
  4799 | D:6      | Found a runed translucent door.
  4802 | D:6      | Noticed IdlyInterested's ghost (novice FoFi)
  4816 | D:6      | Killed IdlyInterested's ghost
  5083 | D:7      | Reached skill level 5 in Fighting
  5175 | D:7      | Gained mutation: You regenerate magic rapidly. [demonic
                  | ancestry]
  5175 | D:7      | Reached XP level 10. HP: 76/76 MP: 10/10
  5421 | D:7      | Found an iron altar of Okawaru.
  5633 | D:8      | Reached ** piety under Qazlal
  5868 | D:8      | Reached skill level 10 in Ranged Weapons
  5923 | D:8      | Found Laitanno's Demolitions Depot.
  6175 | D:8      | Noticed a two-headed ogre
  6177 | D:8      | Killed a two-headed ogre
  6178 | D:8      | Reached skill level 11 in Ranged Weapons
  6293 | D:8      | Found a staircase to the Lair.
  6311 | D:8      | Found a sacrificial altar of Ru.
  6328 | D:8      | Found a runed translucent gate.
  6328 | D:8      | Found a runed translucent gate.
  6328 | D:8      | Found a runed translucent gate.
  6332 | D:8      | Noticed RandomusNamus's ghost (novice TrCA)
  6344 | D:8      | Killed RandomusNamus's ghost
  6803 | D:8      | Noticed Psyche
  6807 | D:8      | Killed Psyche
  6808 | D:8      | Reached skill level 12 in Ranged Weapons
  6870 | D:8      | Noticed Erica
  6892 | D:8      | Killed Erica
  6893 | D:8      | Gained mutation: Your touch may irresistibly damage your
                  | foes and sap their willpower. [demonic ancestry]
  6893 | D:8      | Reached XP level 11. HP: 14/81 MP: 11/11
  7284 | Lair:1   | Entered Level 1 of the Lair of Beasts
  8027 | Lair:2   | Reached *** piety under Qazlal
  8095 | Lair:2   | Found a frozen archway.
  8103 | IceCv    | Entered an ice cave
  8109 | IceCv    | Noticed a white ugly thing
  8114 | IceCv    | Killed a white ugly thing
  8261 | IceCv    | Identified the ring of Miracles {Ice Str+5}
  8321 | Lair:2   | Reached skill level 13 in Ranged Weapons
  9178 | Lair:2   | Reached XP level 12. HP: 88/88 MP: 12/12
  9717 | Lair:2   | Found a staircase to the Shoals.
  9988 | Lair:2   | Found a staircase to the Snake Pit.
  9993 | Lair:2   | Reached skill level 14 in Ranged Weapons
 10941 | Lair:2   | Reached **** piety under Qazlal
 11974 | Lair:3   | Gained mutation: You have hidden genetic potential. [potion
                  | of mutation]
 12002 | Lair:3   | Reached skill level 1 in Armour
 12603 | Lair:4   | Noticed a boulder beetle
 12610 | Lair:4   | Killed a boulder beetle
 12840 | Lair:4   | Reached ***** piety under Qazlal
 12844 | Lair:4   | Found a staircase to the Slime Pits.
 12870 | Lair:4   | Found a viscous altar of Jiyva.
 12923 | Lair:4   | Noticed a five-headed hydra
 12926 | Lair:4   | Killed a five-headed hydra
 12927 | Lair:4   | Reached skill level 5 in Armour
 12927 | Lair:4   | Reached skill level 1 in Invocations
 13032 | Lair:4   | Gained mutation: Your movements are less encumbered by
                  | armour. (ER -4) [demonic ancestry]
 13032 | Lair:4   | Reached XP level 13. HP: 80/98 MP: 15/15
 13153 | Lair:4   | Reached skill level 5 in Invocations
 13294 | Lair:4   | Noticed Nessos
 13299 | Lair:4   | Killed Nessos
 13402 | Lair:4   | Found the +3 crown of Dyrovepreva {rElec Int+2 SInv}
 13472 | Lair:4   | Identified the ring "Opidgh" {rElec rPois rN+ Will+ Int+4}
 13945 | Lair:5   | Entered Level 5 of the Lair of Beasts
 13952 | Lair:5   | Reached skill level 10 in Invocations
 13963 | Lair:4   | Gained mutation: You are robust. (+10% HP) [hidden
                  | potential]
 14573 | Lair:4   | Reached skill level 10 in Fighting
 14905 | Lair:5   | Found a shimmering altar of Xom.
 14954 | Lair:5   | Noticed Urug
 14958 | Lair:5   | Killed Urug
 15090 | Lair:5   | Noticed a dire elephant
 15090 | Lair:5   | Noticed a dire elephant
 15090 | Lair:5   | Noticed a dire elephant
 15090 | Lair:5   | Noticed a dire elephant
 15091 | Lair:5   | Noticed a dire elephant
 15107 | Lair:5   | Killed a dire elephant
 15108 | Lair:5   | Killed a dire elephant
 15507 | Lair:5   | Killed a dire elephant
 15508 | Lair:5   | Mutation became permanent: You are robust. (+10% HP)
                  | [demonic ancestry]
 15508 | Lair:5   | Gained mutation: You are robust. (+10% HP) [demonic
                  | ancestry]
 15508 | Lair:5   | Reached XP level 14. HP: 87/121 MP: 21/21
 15512 | Lair:5   | Slain by a dire elephant

Illustrated notes

Levels and vault maps discovered:
D:1:      saegor_arrival_simple_b, layout_basic,
          chequers_ecumenical_altar_simple_redux, st_stairs_7
D:2:      layout_basic
D:3:      layout_basic, chequers_jeans, amcnicky_mini_rare_corridor_liquid
D:4:      layout_cave_pools, yredelemnul_altar_generic,
          nicolae_wu_jian_immortal_techniques, ashenzari_altar_1,
          enter_ossuary_2, uniq_eustachio
D:5:      minmay_clustersquares, layout_loops_ring, xom_butterflies, minitemple
D:6:      layout_basic, minmay_temple_entry_mist, ebering_ghost_reflecting_pool
D:7:      layout_gridville, okawaru_gym_becter, kennysheep_generic_room_7
D:8:      layout_rooms, mainiacjoe_overflow_paths, lemuel_doored_altar,
          ebering_ghost_rock_garden, nicolae_blasting_shop,
          minmay_increasing_density, uniq_erica, uniq_psyche
Lair:1:   layout_roguey, dreamdust_gnoll_shepherd, grunt_megastairs_1,
          lemuel_fruit_tree
Lair:2:   layout_layer_cave, minmay_shoals_entry_beasts,
          guppyfry_snake_entry_island, portal_ice_cave_rime,
          serial_bayou_lagoon_b, grunt_megastairs_5
Lair:3:   layout_cave_pods, minivault_26, st_stairs_10, ice2_lemuel,
          lemuel_fruit_fields
Lair:4:   minmay_lair_oklob_chamber, layout_regular_city,
          minmay_slime_entry_jelly_boxes, beast_lair_carwin_4, uniq_nessos
Lair:5:   due_jungle_book, layout_misc_corridors, basic_altar, minivault_23,
          infiniplex_staircase_pool_2, lemuel_fruit_fields, uniq_urug

Skill      XL: |  1  2  3  4  5  6  7  8  9 10 11 12 13 |
---------------+----------------------------------------+-----
Stealth        | 1 2 4 |  4.0
Fighting       | 3 4 6 8 10 | 10.0
Ranged Weapons | 3 5 7 9 12 13 14 | 14.0
Dodging        | 5 6 8 9 |  9.9
Evocations     | 5 9 |  9.0
Armour         | 5 |  5.0
Invocations    | 3 10 | 10.0
Short Blades   | |  2.6
Throwing       | |  1.7

Action                   |  1- 3 |  4- 6 |  7- 9 | 10-12 | 13-15 || total
-------------------------+-------+-------+-------+-------+-------++-------
Melee: Rapier            |    85 |       |       |       |       ||    85
       Touch             |    11 |       |       |       |       ||    11
       Triple crossbow   |       |       |       |     1 |       ||     1
 Fire: Triple crossbow   |     3 |    77 |   125 |   355 |   146 ||   706
Throw: Throwing net      |       |       |     2 |       |       ||     2
Evoke: Condenser vane    |       |       |       |     1 |       ||     1
  Use: Scroll            |     6 |     3 |     3 |     8 |     3 ||    23
       Potion            |       |       |     6 |     7 |     1 ||    14
 Stab: Sleeping          |     8 |       |       |       |       ||     8
Armor: Leather armour    |    13 |    20 |    20 |     8 |    13 ||    74
       Scale mail        |       |       |       |    18 |       ||    18
Dodge: Dodged            |    52 |    39 |    40 |   117 |    48 ||   296
       Repelled          |       |       |       |     1 |     7 ||     8
Block: Other             |       |       |       |    27 |    18 ||    45
